 Dungeon Sprint DCSS version 0.29-a0-982-gaed3a0c8d8 (webtiles) character file.

Game seed: 901987681604763888

1947 ragingrage the Impaler (level 8, -6/81 HPs)
             Began as a Minotaur Gladiator on Aug 1, 2022.
             Was a Priest of Okawaru.
             Mangled by an eight-headed hydra (13 damage)
             ... in the Dungeon (Sprint IX: "|||||||||||||||||||||||||||||").
             The game lasted 00:02:09 (532 turns).

ragingrage the Impaler (Minotaur Gladiator)          Turns: 532, Time: 00:02:10

Health: -6/81      AC: 18    Str: 21    XL:     8   Next: 98%
Magic:  9/10       EV: 12    Int:  5    God:    Okawaru [***...]
Gold:   0          SH:  0    Dex: 15    Spells: 7/7 levels left

rFire   . . .      SeeInvis .   b - +0 trident
rCold   . . .      Faith    .   (no shield)
rNeg    . . .      Spirit   .   p - +1 chain mail
rPois   .          Reflect  .   c - +0 hat
rElec   .          Harm     .   q - +0 cloak
rCorr   .          Rampage  .   (no gloves)
Will    .....      NoTele   +   a - +0 pair of boots
Stlth   ..........              (no amulet)
HPRegen 0.23/turn               n - +3 ring of dexterity
MPRegen 0.12/turn               o - +2 ring of protection

@: heroic
A: horns 2, retaliatory headbutt
a: Renounce Religion, Heroism


You were in the Dungeon.
You worshipped Okawaru.
Okawaru was most pleased with you.
You visited 1 branch

Inventory:

Hand Weapons
 b - a +0 trident (weapon)
 r - a +2 halberd of venom
 s - a +3 war axe of electrocution
Missiles
 d - 2 throwing nets (quivered)
 e - a javelin
Armour
 a - a +0 pair of boots (worn)
 c - a +0 hat (worn)
 p - a +1 chain mail (worn)
 q - a +0 cloak (worn)
Jewellery
 n - a +3 ring of dexterity (left hand)
 o - a +2 ring of protection (right hand)
Wands
 m - a wand of quicksilver (8)
Scrolls
 k - 2 scrolls of blinking
 l - 2 scrolls of amnesia
Potions
 f - 5 potions of curing
 g - a potion of heal wounds
 h - a potion of haste
 i - 4 potions of magic
 j - a potion of invisibility


   Skills:
 * Level 10.7(15.7) Fighting
 - Level 17.9(22.9) Polearms
 + Level 6.6(11.6) Throwing
 + Level 7.2(12.2) Armour
 - Level 3.2(8.2) Dodging
 - Level 5.0 Invocations


You had 7 spell levels left.
You didn't know any spells.
Your spell library was empty.

Dungeon Overview and Level Annotations

Branches:
Dungeon (1/1)

Altars:
Cheibriados
Dithmenos
Elyvilon
Fedhas
Gozag
Hepliaklqana
Kikubaaqudgha
Makhleb
Nemelex Xobeh
Okawaru
Qazlal
Ru
Sif Muna
Trog
Uskayaw
Vehumet
Wu Jian
Xom
Yredelemnul
Zin
The Shining One
Jiyva
Lugonu


Innate Abilities, Weirdness & Mutations

You have a pair of horns on your head.
You reflexively headbutt those who attack you in melee.


Message History

The eight-headed hydra misses you.
The eight-headed hydra bites you but does no damage. x2
The eight-headed hydra bites you!
Unknown command.
Reach: b) +0 trident
Press: ? - help, Dir - move target, f/p - eight-headed hydra
Aim: an eight-headed hydra (lightly wounded, about 15% to evade your +0 trident)
You puncture the eight-headed hydra!
The eight-headed hydra is heavily wounded.
The eight-headed hydra bites you.
The eight-headed hydra bites you but does no damage. x2
The eight-headed hydra closely misses you.
The eight-headed hydra bites you!
* * * LOW HITPOINT WARNING * * *
The eight-headed hydra bites you but does no damage.
The eight-headed hydra bites you!
* * * LOW HITPOINT WARNING * * *
The eight-headed hydra bites you but does no damage.
Throw: 3 throwing nets
Press: ? - help, Q - select action, (/) - cycle Shift-Dir - straight line, f/p - eight-headed hydra
Aim: an eight-headed hydra (heavily wounded, 84% to hit, immune to nets)
You throw a throwing net.
The throwing net hits the eight-headed hydra.
The eight-headed hydra is too large for the net to hold!
The eight-headed hydra is heavily wounded.
Aiming: Quicksilver Bolt
Press: ? - help, Shift-Dir - straight line, f/p - eight-headed hydra
Aim: an eight-headed hydra (heavily wounded, 90% to hit)
The bolt of dispelling energy hits the eight-headed hydra!
The eight-headed hydra is heavily wounded.
The bolt of dispelling energy hits the troll!
The troll is heavily wounded.
The eight-headed hydra bites you.
* * * LOW HITPOINT WARNING * * *
The eight-headed hydra barely misses you.
The eight-headed hydra bites you.
* * * LOW HITPOINT WARNING * * *
The eight-headed hydra bites you but does no damage. x2
The eight-headed hydra bites you!
You die...

▓.▓
▓)▓
▓)▓
▓.▓
▓.▓
▓.▓
▓†▓
▓)▓
▓@▓
▓D▓
▓T▓
▓.▓
▓.▓
▓.▓
▓.▓
▓.▓
▓'▓


You could see an eight-headed hydra and a troll.

Vanquished Creatures
  A cyclops (D)
  A yaktaur (shapeshifter) (D)
  A troll (D)
  A wraith (D)
  2 wyverns (D)
  A yak (D)
  A water moccasin (D)
  An orc warrior (D)
  A gnoll sergeant (D)
  An ufetubus (D)
  A dart slug (D)
  2 orcs (D)
  A ball python (D)
  A kobold (D)
  A quokka (D)
  2 rats (D)
19 creatures vanquished.

Vanquished Creatures (others)
  An unseen horror (D)
1 creature vanquished.

Grand Total: 20 creatures vanquished

Notes
Turn   | Place    | Note
-------+----------+-------------------------------------------
     0 | D        | ragingrage the Minotaur Gladiator began the quest for the
                  | Orb.
     0 | D        | Reached XP level 1. HP: 18/18 MP: 0/0
     6 | D        | Reached skill level 4 in Polearms
    10 | D        | Reached skill level 5 in Polearms
    33 | D        | Noticed a water moccasin
    36 | D        | Reached skill level 6 in Polearms
    37 | D        | Reached XP level 2. HP: 25/25 MP: 1/1
    39 | D        | Reached skill level 7 in Polearms
    46 | D        | Killed a water moccasin
    47 | D        | Reached skill level 11 in Polearms
    47 | D        | Reached XP level 3. HP: 15/30 MP: 2/2
    47 | D        | Reached XP level 4. HP: 19/37 MP: 3/3
   248 | D        | Found a snail-covered altar of Cheibriados.
   248 | D        | Found a shadowy altar of Dithmenos.
   248 | D        | Found a white marble altar of Elyvilon.
   248 | D        | Found a blossoming altar of Fedhas.
   248 | D        | Found an opulent altar of Gozag.
   249 | D        | Found a hazy altar of Hepliaklqana.
   250 | D        | Found a viscous altar of Jiyva.
   251 | D        | Found an ancient bone altar of Kikubaaqudgha.
   252 | D        | Found a corrupted altar of Lugonu.
   253 | D        | Found a burning altar of Makhleb.
   254 | D        | Found a sparkling altar of Nemelex Xobeh.
   255 | D        | Found an iron altar of Okawaru.
   256 | D        | Found a stormy altar of Qazlal.
   257 | D        | Found a sacrificial altar of Ru.
   258 | D        | Found a shimmering blue altar of Sif Muna.
   259 | D        | Found a bloodstained altar of Trog.
   260 | D        | Found a hide-covered altar of Uskayaw.
   261 | D        | Found a radiant altar of Vehumet.
   262 | D        | Found an ornate altar of the Wu Jian Council.
   263 | D        | Became a worshipper of Warmaster Okawaru
   264 | D        | Found a shimmering altar of Xom.
   265 | D        | Found a basalt altar of Yredelemnul.
   266 | D        | Found a glowing silver altar of Zin.
   267 | D        | Found a glowing golden altar of the Shining One.
   339 | D        | Noticed a gnoll sergeant
   339 | D        | Noticed a wyvern
   339 | D        | Noticed an orc warrior
   339 | D        | Noticed a yak
   339 | D        | Noticed a wyvern
   339 | D        | Noticed a wraith
   343 | D        | Killed a gnoll sergeant
   344 | D        | Reached skill level 13 in Polearms
   344 | D        | Reached XP level 5. HP: 40/42 MP: 4/4
   346 | D        | Killed a wyvern
   347 | D        | Reached skill level 15 in Polearms
   347 | D        | Reached XP level 6. HP: 48/50 MP: 5/5
   351 | D        | Killed an orc warrior
   351 | D        | Reached * piety under Okawaru
   352 | D        | Reached skill level 16 in Polearms
   353 | D        | Killed a yak
   354 | D        | Reached skill level 17 in Polearms
   354 | D        | Reached XP level 7. HP: 54/56 MP: 6/6
   356 | D        | Killed a wyvern
   362 | D        | Killed a wraith
   362 | D        | Reached ** piety under Okawaru
   494 | D        | Noticed a troll
   494 | D        | Noticed a culicivora
   494 | D        | Noticed a cyclops
   494 | D        | Noticed an eight-headed hydra
   494 | D        | Noticed a troll
   496 | D        | Killed a troll
   497 | D        | Reached XP level 8. HP: 55/73 MP: 9/9
   497 | D        | Noticed a yaktaur
   497 | D        | a culicivora changed into a yaktaur
   498 | D        | Killed a yaktaur
   499 | D        | Reached skill level 5 in Throwing
   499 | D        | Reached skill level 5 in Armour
   503 | D        | Killed an unseen horror
   504 | D        | Reached skill level 5 in Invocations
   525 | D        | Killed a cyclops
   525 | D        | Reached *** piety under Okawaru
   526 | D        | Reached skill level 10 in Fighting
   532 | D        | Mangled by an eight-headed hydra

Illustrated notes

Levels and vault maps discovered:
D:        linesprint [early_d, line_temple, items_1, d_10, items_2, lair_1,
          lair_end, items_3, orc_1, orc_end, items_4, d_15, swamp_1, shoals_1,
          snake_1, spider_1, d_20, vaults_1, items_5, swamp_end, shoals_end,
          snake_end, spider_end, vaults_end, d_27, items_6, zot_1, zot_end,
          crypt_end, forest_end, elf_end, slime_end, tomb_end, abyss_end,
          pan_hell_end]

Skill      XL: |  1  2  3  4  5  6  7  8 |
---------------+-------------------------+-----
Polearms       | 6 11 13 15 17 | 17.9
Fighting       | 7 10 | 10.7
Throwing       | 4 6 |  6.6
Armour         | 4 7 |  7.2
Invocations    | 3 5 |  5.0
Dodging        | |  3.2

Action                   |  1- 3 |  4- 6 |  7- 9 || total
-------------------------+-------+-------+-------++-------
Melee: Trident           |    18 |       |     2 ||    20
       Headbutt          |     4 |     1 |     2 ||     7
       Halberd           |       |    10 |    21 ||    31
Throw: Throwing net      |     3 |       |     1 ||     4
Invok: Heroism           |       |       |     1 ||     1
Evoke: Wand              |       |       |     2 ||     2
  Use: Potion            |     1 |       |     2 ||     3
Armor: Leather armour    |     3 |       |       ||     3
       Chain mail        |       |       |    23 ||    23
Dodge: Dodged            |    11 |     5 |    13 ||    29

Table legend: (Time is in decaauts)
 A = Elapsed time spent in this place.
 B = Non-inter-level travel time spent in this place.
 C = Inter-level travel time spent in this place.
 D = Time resting spent in this place.
 E = Time spent auto-exploring this place.
 F = Levels seen in this place.
 G = Mean time per level.
                   A        B        C        D        E       F      G
               +--------+--------+--------+--------+--------+-----+--------+
         Total |    530 |    530 |      0 |    340 |     16 |   1 |  530.0 |
       Dungeon |    530 |    530 |      0 |    340 |     16 |   1 |  530.0 |
               +--------+--------+--------+--------+--------+-----+--------+

Top non-repeatable levels by time:
       D: 530 daAuts
